 Dungeon Crawl Stone Soup version 0.27.0-1-g7a08968 (webtiles) character file.

Game seed: 8743629986095673728

90 BALLS the Magician (level 4, -2/30 HPs)
             Began as a Mummy Conjurer on Jan 24, 2022.
             Killed by divine providence
             ... invoked by an orc priest
              (15 damage)
             ... on level 3 of the Dungeon.
             The game lasted 00:03:19 (1799 turns).

BALLS the Magician (Mummy Conjurer)                 Turns: 1799, Time: 00:03:19

Health: -2/30      AC:  2    Str: 10    XL:     4   Next: 32%
Magic:  5/11       EV: 11    Int: 18    God:
Gold:   37         SH:  0    Dex: 10    Spells: 8/14 levels left

rFire    x . .     SeeInvis .   c - +0 spear
rCold    + . .     Faith    .   (no shield)
rNeg     + + +     Spirit   .   a - +0 robe
rPois    ∞         Reflect  .   (no helmet)
rElec    .         Harm     .   (no cloak)
rCorr    .         Rampage  .   (no gloves)
Will     .....                  (no boots)
Stlth    ++........             (no amulet)
HPRegen  0.10/turn              (no ring)
MPRegen  0.12/turn              (no ring)

@: no status effects
A: cold resistance 1, negative energy resistance 3, torment resistance 2, heat
vulnerability 1, no potions
a: no special abilities


You were on level 3 of the Dungeon.
You visited 1 branch of the dungeon, and saw 3 of its levels.

You collected 37 gold pieces.

Inventory:

Hand Weapons
 c - a +0 spear (weapon)
Armour
 a - a +0 robe (worn)
Scrolls
 b - 2 scrolls of identify {unknown}
 d - a scroll of noise {unknown}


   Skills:
 - Level 1.5 Dodging
 - Level 1.5 Stealth
 + Level 5.7 Spellcasting
 - Level 3.2 Conjurations


You had 8 spell levels left.
You knew the following spells:

 Your Spells              Type           Power      Damage    Failure   Level
a - Magic Dart            Conj           64%        1d6       3%          1
b - Searing Ray           Conj           32%        3d4       4%          2
c - Dazzling Flash        Conj/Hex       22%        N/A       19%         3

Your spell library contained the following spells:

 Spells                   Type           Power      Damage    Failure   Level
 Fulminant Prism          Conj/Hex       5%         3d7       54%         4
 Iskenderun's Mystic Bla  Conj/Tloc      11%        2d4       54%         4


Dungeon Overview and Level Annotations

Branches:
Dungeon (3/15)

Altars:


Innate Abilities, Weirdness & Mutations

You are immune to poison.
Your flesh is cold resistant. (rC+)
You are immune to negative energy. (rN+++)
You are immune to unholy pain and torment.
You are vulnerable to heat. (rF-)
You do not drink.


Message History

An orc is nearby!
Casting: Magic Dart (safe; 3% risk of failure)
Confirm with . or Enter, or press ? or * to list all spells.
Aiming: Magic Dart (safe; 3% risk of failure)
Press: ? - help, Shift-Dir - straight line, f/p - orc
Aim: an orc, wielding a +0 short sword (almost dead, 100% to hit)
The magic dart hits the orc.
You kill the orc!
HP restored.
Magic restored.
Things that are here:
a +0 leather armour; a +0 dagger You see here a +0 short sword.
Things that are here:
a stone; a +0 club An orc priest comes into view.
It is wielding a +0 mace.
An orc priest comes into view. It is wielding a +0 whip.
Casting: Magic Dart (safe; 3% risk of failure)
Confirm with . or Enter, or press ? or * to list all spells.
Aiming: Searing Ray (safe; 4% risk of failure)
Press: ? - help, Shift-Dir - straight line, f - orc priest
Aim: an orc priest, wielding a +0 mace and wearing a +0 chain mail (wandering, hasn't noticed you, 84% to hit)
The searing ray hits the orc priest.
The orc priest is moderately wounded.
The orc priest shouts! (Press . to maintain the ray.)
The orc priest shouts!
The searing ray hits the orc priest!
The orc priest is almost dead.
The orc priest hits you with a +0 mace.
The searing ray hits the orc priest.
You kill the orc priest!
The orc priest invokes the aid of Beogh against you.
Beogh smites you!
Ouch! That really hurt!
You have reached level 4!
The orc priest calls down the wrath of Beogh upon you.
Beogh smites you!
Ouch! That really hurt!
You die...

..# #.###.# # #.
.........# .+
..#####.#.# ..## #.#
........... ...###.#
....#o#.##.......#
#.........###...###..
###.#.#.#<#[...<......#
.........()###†.#.#.###
#.#.#@#.## #..# #
#......# #..# #)#.#.##
#### #.#.### #.#.#
#.#.# #.#.# #...# #####


You could see an orc priest.

Vanquished Creatures
  An orc priest (D:3)
  2 adders (D:2)
  3 dart slugs (D:2)
  2 orcs (D:3)
  3 endoplasms
  2 giant cockroaches
  3 hobgoblins
  8 jackals (D:2)
  3 kobolds
  2 ball pythons
  2 bats
  A frilled lizard (D:3)
  2 rats (D:2)
34 creatures vanquished.

Vanquished Creatures (others)
  3 toadstools (D:3)
3 creatures vanquished.

Grand Total: 37 creatures vanquished

Notes
Turn   | Place    | Note
-------+----------+-------------------------------------------
     0 | D:1      | BALLS the Mummy Conjurer began the quest for the Orb.
     0 | D:1      | Reached XP level 1. HP: 13/13 MP: 4/4
   132 | D:1      | Reached skill level 3 in Spellcasting
   679 | D:1      | Found a faded altar of an unknown god.
   761 | D:2      | Reached XP level 2. HP: 19/19 MP: 3/6
   764 | D:2      | Learned a level 2 spell: Searing Ray
   896 | D:2      | Reached skill level 4 in Spellcasting
  1125 | D:2      | Reached XP level 3. HP: 24/24 MP: 4/8
  1129 | D:2      | Learned a level 3 spell: Dazzling Flash
  1529 | D:2      | Reached skill level 5 in Spellcasting
  1799 | D:3      | Reached XP level 4. HP: 13/30 MP: 5/11
  1799 | D:3      | Killed from afar by an orc priest

Illustrated notes

Levels and vault maps discovered:
D:1:      grunt_arrival_crossed_arrows, layout_loops_cross,
          dreamdust_ecumenical_altar_grove
D:2:      layout_loops_ring
D:3:      layout_basic, nemelex_dance_club_becter, minmay_gold_behind_fungi,
          minivault_24, st_stairs_13

Skill      XL: |  1  2  3 |
---------------+----------+-----
Spellcasting   | 3 4 5 |  5.7
Dodging        | |  1.5
Stealth        | |  1.5
Conjurations   | |  3.2

Action                   |  1- 3 |  4- 6 || total
-------------------------+-------+-------++-------
Melee: Spear             |    10 |       ||    10
 Cast: Magic Dart        |    46 |       ||    46
       Searing Ray       |     5 |       ||     5
 Stab: Sleeping          |     3 |       ||     3
Armor: Robe              |     2 |       ||     2
Dodge: Dodged            |    10 |       ||    10
